AoeStats
← Horka Bulcsú

MegaRandom

510802678Analyzed
3v3 RM · 10h ago on Oct 2, 2026· 27m 59s· 6 players
Game mode
Random Map
Map size
Normal (6 player)
Population
200
Speed
Normal
Resources
Standard
Victory
Conquest
Starting age
Dark Age
Ending age
Imperial Age
RankedLock teamsTeams togetherTeam positionsShared explorationLock speedFull tech treeHidden civsTurbo modeCheats
Victory
Defeat
🇨🇱 Mapuche · Chile
1212
+14
🇪🇸 Khmer · Spain
1201
+14
🇮🇹 Maya · Italy
1153
+16
🇦🇷 Romans · Argentina
1225
-17
🇦🇷 Persians · Argentina
1148
-14
🇦🇷 Magyars · Argentina
1125
-13
arm.chomin
8:02 Loom
10:30 Feudal Age
17:24 Castle Age
18:07 Fletching
18:02 Crossbowman
23:47 Double-Bit Axe
Hundeknacker
9:08 Loom
12:51 Feudal Age
13:26 Horse Collar
13:31 Double-Bit Axe
16:34 Castle Age
16:16 Fletching
18:34 Bodkin Arrow
21:01 Padded Archer Armor
20:49 Town Watch
26:48 Ballistics
28:45 Wheelbarrow
romoletto609
0:40 Loom
10:26 Feudal Age
11:00 Double-Bit Axe
11:50 Man-at-Arms
13:29 Forging
17:01 Scale Mail Armor
26:32 Arson
Parish1212
10:24 Feudal Age
11:10 Double-Bit Axe
17:01 Forging
25:36 Castle Age
Lehel_Kurt
6:33 Loom
9:02 Feudal Age
9:53 Double-Bit Axe
9:54 Man-at-Arms
12:57 Scale Mail Armor
19:40 Castle Age
18:29 Padded Archer Armor
19:10 Fletching
21:39 Long Swordsman
22:48 Chain Mail Armor
24:56 Wheelbarrow
26:17 Elite Skirmisher
Horka Bulcsú
8:31 Loom
10:51 Feudal Age
12:47 Wheelbarrow
17:35 Scale Barding Armor
24:43 Castle Age
Connection lost

Rejoining the realm…

Still unreachable

The connection could not be restored.

Session expired

The server has moved on; the page needs a fresh start.